 Dungeon Crawl Stone Soup version 0.20-a0-351-gc9b4002 (webtiles) character file.

98 4thArraOfDagon the Ruffian (level 4, -5/39 HPs)
             Began as a Troll Wanderer on Dec 25, 2016.
             Slain by an iguana (11 damage)
             ... on level 5 of the Dungeon.
             The game lasted 00:04:26 (935 turns).

4thArraOfDagon the Ruffian (Troll Wanderer)          Turns: 935, Time: 00:04:26

Health: -5/39      AC:  5    Str: 19    XL:     4   Next: 44%
Magic:  4/4        EV: 10    Int: 10    God:
Gold:   91         SH:  0    Dex:  9    Spells: 5/5 levels left

rFire  . . .     SeeInvis .     a - +2 dagger
rCold  . . .     Gourm    +     e - +0 robe
rNeg   . . .     Faith    .     (no shield)
rPois  .         Spirit   .     (helmet restricted)
rElec  .         Reflect  .     (no cloak)
rCorr  .         Harm     .     (gloves unavailable)
MR     +....                    (boots unavailable)
Stlth  +.........               (no amulet)
                                (no ring)
                                l - ring of protection from magic

@: no status effects
A: unfitting armour, claws 3, fast metabolism 3, gourmand, regeneration 1,
shaggy fur 1, tough skin 2
a: no special abilities


You were on level 5 of the Dungeon.
You were full.

You visited 1 branch of the dungeon, and saw 5 of its levels.

You collected 91 gold pieces.

Inventory:

Hand Weapons
 a - a +2 dagger (weapon)
Armour
 e - a +0 robe (worn)
Jewellery
 l - a ring of protection from magic (left claw)
Scrolls
 j - 2 scrolls of teleportation
 m - 2 scrolls of remove curse
Potions
 b - 4 potions of mutation {unknown}
 h - a potion of brilliance {unknown}
 k - a potion of lignification {unknown}
Books
 c - the Guide on Intoxication

   Spells                             Type                      Level
   a - Sting                          Conjuration/Poison           1
   b - Spider Form                    Transmutation/Poison         3
 d - the Incunabulum of Combat Magic

   Spells                             Type                      Level
   a - Sting                          Conjuration/Poison           1
   b - Mephitic Cloud                 Conjuration/Poison/Air       3
Comestibles
 f - 3 bread rations
 o - a royal jelly


   Skills:
 - Level 1.5 Dodging
 - Level 1.0 Stealth
 * Level 5.3 Unarmed Combat
 - Level 1.0 Spellcasting
   Level 1.3 Conjurations
   Level 1.0 Evocations


You had 5 spell levels left.
You didn't know any spells.

Dungeon Overview and Level Annotations

Branches:
Dungeon (5/15)
 Temple: D:4-7

Altars:


Innate Abilities, Weirdness & Mutations

You are too large for most types of armour.
You have claws for hands.
Your metabolism is lightning-fast.
You like to eat raw meat.
Your natural rate of healing is unusually fast.
You are covered in fur. (AC +1)
You have very tough skin. (AC +2)


Message History

The iguana is severely wounded.
The iguana bites you.
You closely miss the iguana.
The iguana is severely wounded.
The iguana bites you.
* * * LOW HITPOINT WARNING * * *
You hit the iguana but do no damage.
The iguana is severely wounded.
The iguana barely misses you.
Unknown command.
You barely miss the iguana.
The iguana is severely wounded.
The iguana bites you!
* * * LOW HITPOINT WARNING * * *
Unknown command.
Unknown command.
You hit the iguana.
The iguana is severely wounded.
The iguana bites you!
You die...

.........
#############......#
#...........#......##
#...........#l.......
#...........#†.......
#...........#........
#...........#........
###l##......'........
#..@#......#......##
#...#......#########
#...#......# ......
#...#......# ......
#####......# ......
#......# ......
#......# ......
#......# ......
#......#########


You could see an iguana.

Vanquished Creatures
  A bullfrog skeleton (D:5)
  3 adders (D:2)
  A gnoll (D:4)
  An adder skeleton (D:3)
  A worm (D:3)
  2 leopard geckos
  An orc (D:5)
  A ball python (D:2)
  A bat (D:2)
  5 goblins
  2 hobgoblins (D:1)
  2 jackals
  A quokka (D:4)
  2 frilled lizards
  2 kobolds
  A rat (D:3)
27 creatures vanquished.

Notes
Turn   | Place    | Note
-------+----------+-------------------------------------------
     0 | D:1      | 4thArraOfDagon the Troll Wanderer began the quest for the Orb.
     0 | D:1      | 4thArraOfDagon set off with: a +2 dagger, a potion of heal wounds, the Guide on Intoxication, the Incunabulum of Combat Magic, a +0 robe, 2 bread rations
     0 | D:1      | Reached XP level 1. HP: 16/16 MP: 1/1
     1 | D:1      | Identified the Guide on Intoxication
     1 | D:1      | Identified the Incunabulum of Combat Magic
   137 | D:2      | Reached XP level 2. HP: 18/24 MP: 2/2
   143 | D:2      | Reached skill level 4 in Unarmed Combat
   188 | D:2      | Reached XP level 3. HP: 8/31 MP: 3/3
   685 | D:3      | Reached XP level 4. HP: 15/39 MP: 4/4
   763 | D:5      | Entered Level 5 of the Dungeon
   895 | D:5      | Reached skill level 5 in Unarmed Combat
   935 | D:5      | Slain by an iguana

Vault maps used:
D:1:      minmay_arrival_four_houses
D:2:      minmay_close_crescents
D:3:      serial_glass, glass_columns_b, glass_columns_c,
          minmay_strange_pillars, item_on_display_a, uniq_sigmund
D:5:      first_bread

Skill      XL: |  1  2  3  4 |
---------------+-------------+-----
Unarmed Combat | 4 5 |  5.3
Dodging        | |  1.5
Stealth        | |  1.0
Spellcasting   | |  1.0
Conjurations   | |  1.3
Evocations     | |  1.0

Action                   |  1- 3 |  4- 6 || total
-------------------------+-------+-------++-------
Melee: Dagger            |   149 |    28 ||   177
  Use: Potion            |     1 |     1 ||     2
       Scroll            |       |     5 ||     5
 Stab: Sleeping          |     1 |       ||     1
  Eat: Chunk             |    11 |       ||    11
Armor: Robe              |    41 |     4 ||    45
Dodge: Dodged            |    75 |    11 ||    86
